 Dungeon Crawl Stone Soup version 0.24.1-14-gf8d2b509d9 (webtiles) character file.

Game seed: 8434702472041285727, levelgen mode: deterministic

7189 sahdkjhfkaj the Covert (level 10, -4/46 HPs)
             Began as a Felid Wizard on Dec 22, 2020.
             Was a Priest of Yredelemnul.
             Slain by an orc warrior
             ... wielding a +0 flail of crushing
              (23 damage)
             ... on level 11 of the Dungeon.
             The game lasted 01:04:49 (28165 turns).

sahdkjhfkaj the Covert (Felid Wizard)              Turns: 28165, Time: 01:04:50

Health: -4/46      AC:  2    Str:  3    XL:     10   Next: 87%
Magic:  3/18       EV: 23    Int: 24    God:    Yredelemnul [***...]
Gold:   612        SH:  0    Dex: 14    Spells: 3/19 levels left
                                        Lives:  0   Deaths: 2

rFire    . . .     SeeInvis +     - Unarmed
rCold    . . .     Gourm    .   (shield unavailable)
rNeg     . . .     Faith    .   (armour unavailable)
rPois    .         Spirit   .   (helmet unavailable)
rElec    +         Reflect  .   (cloak unavailable)
rCorr    .         Harm     .   (gloves unavailable)
MR       ++...                  (boots unavailable)
Stlth    ++++......             (no amulet)
HPRegen  0.15/turn              o - ring of Starshine {rElec Slay+2 Stlth-}
MPRegen  0.16/turn              m - ring of protection from magic

@: about to teleport, quick
A: very small, no armour, no weapons or thrown items, stealth, claws 1, fangs 3,
see invisible, carnivore, speed 1, shaggy fur 2, slow metabolism 1, sharp paws
a: Recall Undead Slaves, Injury Mirror, Animate Dead, Renounce Religion


You were on level 11 of the Dungeon.
You worshipped Yredelemnul.
Yredelemnul was most pleased with you.
You were completely stuffed.

You visited 2 branches of the dungeon, and saw 12 of its levels.

You collected 612 gold pieces.

Inventory:

Jewellery
 m - a ring of protection from magic (right paw)
 o - the ring of Starshine (left paw) {rElec Slay+2 Stlth-}
   (You found it on level 8 of the Dungeon)

   [ring of attention]

   It affects your accuracy and damage with ranged weapons and melee attacks
   (+2).
   It insulates you from electricity.
   It makes you less stealthy.
Wands
 q - a wand of polymorph (13)
 s - a wand of iceblast (1) {@v4}
 w - a wand of paralysis (1)
Scrolls
 c - 4 scrolls of remove curse {@r2}
 f - a scroll of fog
 h - 2 scrolls of magic mapping
 i - a scroll of fear
 j - a scroll of teleportation {@r3}
 l - a scroll of immolation
 n - a scroll of blinking {@r4}
 r - a scroll of random uselessness {unknown}
 u - a scroll of amnesia
Potions
 a - a potion of degeneration
 e - 2 potions of flight
 g - a potion of brilliance
 k - a potion of mutation {unknown}
 p - 2 potions of haste {unknown}
 t - 3 potions of agility {@q5}
Comestibles
 b - 16 rations {@e1}


   Skills:
 + Level 6.7 Fighting
 - Level 9.0 Dodging
 - Level 10.2 Stealth
 - Level 5.4 Unarmed Combat
 - Level 5.0 Spellcasting
 - Level 7.1 Conjurations
 - Level 2.0 Summonings
 - Level 4.3 Translocations
 - Level 2.1 Fire Magic
 - Level 3.1 Air Magic
 - Level 3.1 Poison Magic
 - Level 5.5 Invocations
 - Level 5.1 Evocations


You had 3 spell levels left.
You knew the following spells:

 Your Spells              Type           Power        Failure   Level  Hunger
a - Magic Dart            Conj           ####         1%          1    None
b - Blink                 Tloc           N/A          2%          2    None
c - Conjure Flame         Conj/Fire      ####....     3%          3    ##.....
d - Mephitic Cloud        Conj/Pois/Air  ####....     4%          3    ##.....
e - Call Imp              Summ           ###.....     6%          2    None
f - Borgnjor's Vile Clut  Necr/Erth      #.........   94%         5    #####..

Your spell library contained the following spells:

 Spells                   Type           Power        Failure   Level  Hunger
 Throw Frost              Conj/Ice       ###...       3%          2    None
 Stone Arrow              Conj/Erth      ###...       6%          3    ##.....
 Recall                   Summ/Tloc      N/A          7%          3    ##.....
 Freeze                   Ice            #...         9%          1    None
 Sandblast                Erth           #.....       9%          1    None
 Passwall                 Tmut/Erth      #.......     13%         2    None
 Slow                     Hex            #.......     13%         2    None
 Ozocubu's Armour         Chrm/Ice       #.......     26%         3    ##.....
 Throw Icicle             Conj/Ice       ###.....     21%         4    ####...
 Summon Ice Beast         Ice/Summ       ##......     50%         4    ####...
 Animate Dead             Necr           N/A          65%         4    ####...
 Petrify                  Tmut/Erth      #.......     65%         4    ####...
 Lee's Rapid Deconstruct  Erth           #.........   94%         5    #####..
 Death Channel            Necr           #.........   100%        6    #######
 Simulacrum               Ice/Necr       #.........   100%        6    #######


Dungeon Overview and Level Annotations

Branches:
Dungeon (11/15)            Temple (1/1) D:6
   Lair: D:8-11         Orc: D:9-12

Altars:
Ashenzari
Cheibriados
Dithmenos
Elyvilon
Fedhas
Gozag
Hepliaklqana
Kikubaaqudgha
Makhleb
Nemelex Xobeh
Okawaru
Qazlal
Ru
Sif Muna
Trog
Uskayaw
Vehumet
Wu Jian
Xom
Yredelemnul
Zin
The Shining One

Shops:
D:7 *   D:10 (

Annotations:
D:7 3 runed translucent doors, sahdkjhfkaj's ghost, novice DEFE


Innate Abilities, Weirdness & Mutations

You cannot wear armour.
You are incapable of wielding weapons or throwing items.
Your paws allow you to move quietly. (Stealth)
You have sharp claws.
You have razor-sharp teeth.
You have supernaturally acute eyesight. (SInv)
You are carnivorous and can eat meat at any time.
You cover ground quickly.
You are covered in thick fur. (AC +2)
You have a slow metabolism.
Your sharp claws are effective at attacking unaware monsters.


Message History

A soldier ant comes into view.
Found 20 sling bullets.
A crimson imp comes into view.
Your magical contamination has completely faded away.
Found 13 gold pieces.
A manticore comes into view.
A killer bee comes into view.
You see here 20 sling bullets.
As you read the scroll of teleportation {@r3}, it crumbles to dust.
You feel strangely unstable.
The crimson imp blinks!
The manticore flicks its tail.
The volley of spikes misses you.
The crimson imp shouts, "Kneel, thou reeling-ripe kobold-kissing jarkman!"
You see here 13 gold pieces.
The soldier ant barely misses you.
The orc warrior hits you with a +0 flail of crushing!!
Ouch! That really hurt!
You die...
Your body rises from the dead as a mindless zombie.

##...# #[#
..........
##...# #.#
#......... #####
#.# #.........
#.# #...H....
#.######.......y
#......o(..#
#.....o....#
#......ooa$#
#........@.#
##.....ยง..5#
#.........#
#.........#
#.........#
#.........#
#.........#
###########


You could see a manticore, a soldier ant, an orc warrior, a crimson imp and 3
orcs.

Vanquished Creatures
  2 two-headed ogres
  A skeletal warrior (D:8)
  Pikel (D:6)
  2 lindwurms (D:10)
  An ugly thing (D:7)
  Maurice (D:7)
  A yaktaur (D:8)
  2 trolls (D:9)
  A merfolk (D:9)
  2 hippogriffs
  2 wyverns
  6 yaks (D:10)
  Eustachio (D:4)
  2 hungry ghosts
  A water moccasin (D:8)
  7 orc warriors
  4 phantoms
  A slave (D:6)
  2 black bears
  3 sky beasts
  5 ogres
  5 centaurs
  A crocodile (D:8)
  2 big kobolds (D:7)
  5 bullfrogs
  2 wyvern skeletons
  2 scorpions (D:9)
  13 killer bees
  4 wights
  8 howler monkeys
  5 crimson imps
  A quasit (D:7)
  A centaur zombie (D:6)
  2 jellies
  4 hounds (D:9)
  A bullfrog skeleton (D:8)
  6 orc priests
  A centaur skeleton (D:10)
  3 iguanas
  11 orc wizards
  7 worker ants
  Terence (D:2)
  A hound zombie (D:7)
  A worker ant zombie (D:6)
  3 howler monkey zombies
  8 adders
  4 gnolls
  A howler monkey skeleton (D:8)
  3 shadow imps
  An ooze (D:1)
  2 adder zombies
  An adder skeleton (D:9)
  3 worms
  8 leopard geckos
  21 orcs
  2 giant cockroaches
  3 goblins
  7 hobgoblins
  11 jackals
  7 quokkas
  2 ball pythons
  11 bats
  7 frilled lizards
  A jackal skeleton (D:8)
  2 jackal zombies (D:5)
  8 kobolds
  A leopard gecko zombie (D:8)
  5 rats
257 creatures vanquished.

Vanquished Creatures (others)
  An iguana (D:6)
  A hound zombie (D:6)
  A jackal (D:9)
3 creatures vanquished.

Grand Total: 260 creatures vanquished

Notes
Turn   | Place    | Note
-------+----------+-------------------------------------------
     0 | D:1      | sahdkjhfkaj the Felid Wizard began the quest for the Orb.
     0 | D:1      | Reached XP level 1. HP: 7/7 MP: 5/5
     9 | D:1      | Reached skill level 1 in Conjurations
   275 | D:1      | Reached XP level 2. HP: 11/11 MP: 0/7
   344 | D:1      | Learned a level 2 spell: Call Imp
   347 | D:1      | Learned a level 2 spell: Blink
   907 | D:2      | Reached skill level 1 in Fighting
  1056 | D:2      | Reached XP level 3. HP: 16/16 MP: 2/8
  1256 | D:2      | Found a stormy altar of Qazlal.
  1278 | D:2      | Noticed Terence
  1305 | D:2      | Learned a level 3 spell: Conjure Flame
  1597 | D:2      | Reached skill level 3 in Stealth
  1709 | D:2      | Killed Terence
  1709 | D:2      | Reached skill level 4 in Stealth
  1902 | D:2      | Reached XP level 4. HP: 19/19 MP: 0/9
  1987 | D:2      | Found a shadowy altar of Dithmenos.
  4129 | D:3      | Found a hazy altar of Hepliaklqana.
  4129 | D:3      | Found an ancient bone altar of Kikubaaqudgha.
  4235 | D:4      | Found a white marble altar of Elyvilon.
  4539 | D:4      | Found a shattered altar of Ashenzari.
  5678 | D:3      | Reached XP level 5. HP: 16/24 MP: 0/10
  7142 | D:5      | Entered Level 5 of the Dungeon
  7471 | D:5      | Gained mutation: You are covered in thick fur. (AC +2)
                  | [Felid growth]
  7471 | D:5      | Reached XP level 6. HP: 25/28 MP: 0/11
  7476 | D:5      | Learned a level 3 spell: Mephitic Cloud
  8707 | D:5      | Noticed Eustachio
  9180 | D:4      | Found a white marble altar of Elyvilon.
  9279 | D:4      | Found a shattered altar of Ashenzari.
  9336 | D:4      | Killed Eustachio
  9336 | D:4      | Reached XP level 7. HP: 13/31 MP: 0/12
 10261 | D:6      | Noticed a two-headed ogre
 10524 | D:6      | Killed a two-headed ogre
 10524 | D:6      | Reached XP level 8. HP: 34/34 MP: 0/13
 10597 | D:6      | Reached skill level 1 in Fire Magic
 10685 | D:6      | Noticed Pikel
 11222 | D:6      | Killed Pikel
 11222 | D:6      | Reached skill level 5 in Fighting
 11558 | D:6      | Found a staircase to the Ecumenical Temple.
 11597 | Temple   | Entered the Ecumenical Temple
 11934 | Temple   | Became a worshipper of Yredelemnul the Dark
 12224 | D:6      | Reached skill level 5 in Stealth
 12621 | D:6      | Reached XP level 9. HP: 36/41 MP: 4/14
 12917 | D:6      | Found a snail-covered altar of Cheibriados.
 13142 | D:7      | Found a runed translucent gate.
 13149 | D:7      | Found a runed translucent gate.
 13178 | D:7      | Found a runed translucent gate.
 13185 | D:7      | Noticed sahdkjhfkaj's ghost (novice DEFE)
 13199 | D:7      | Found an opulent altar of Gozag.
 13359 | D:7      | Noticed a white ugly thing
 13376 | D:7      | Found Icic's Assorted Antiques.
 14408 | D:7      | Found a blossoming altar of Fedhas.
 14976 | D:8      | Found a shimmering blue altar of Sif Muna.
 14986 | D:8      | Reached * piety under Yredelemnul
 15005 | D:8      | Reached skill level 1 in Invocations
 15484 | D:8      | Reached skill level 5 in Dodging
 15939 | D:8      | Reached skill level 5 in Spellcasting
 16539 | D:8      | Noticed Maurice
 17024 | D:8      | Reached XP level 10. HP: 45/45 MP: 7/18
 17156 | D:8      | Noticed a brown ugly thing
 17292 | D:7      | Killed a brown ugly thing
 17851 | D:8      | Reached skill level 6 in Stealth
 18019 | D:8      | Noticed a skeletal warrior
 18429 | D:8      | Noticed a two-headed ogre
 18477 | D:7      | Killed Maurice
 18477 | D:7      | Reached skill level 7 in Stealth
 19033 | D:7      | Found Icic's Assorted Antiques.
 19072 | D:7      | Found a runed translucent gate.
 19072 | D:7      | Found a runed translucent gate.
 19073 | D:7      | Found an opulent altar of Gozag.
 19075 | D:7      | Found a runed translucent gate.
 19234 | D:7      | Found a blossoming altar of Fedhas.
 19639 | D:8      | Shot with an arrow by a centaur
 19640 | D:8      | Reached XP level 9. HP: -5/41 MP: 16/17
 20032 | D:8      | Noticed a yaktaur
 20185 | D:8      | Killed a yaktaur
 20761 | D:8      | Found a glowing silver altar of Zin.
 20925 | D:8      | Killed a two-headed ogre
 20925 | D:8      | Reached skill level 5 in Invocations
 20925 | D:8      | Reached XP level 10. HP: 45/45 MP: 4/18
 21036 | D:8      | Got a coiled turquoise ring
 21068 | D:8      | Identified the ring of Starshine {rElec Slay+2 Stlth-} (You
                  | found it on level 8 of the Dungeon)
 21103 | D:8      | Reached skill level 1 in Unarmed Combat
 21270 | D:8      | Found a shimmering blue altar of Sif Muna.
 21312 | D:8      | Killed a skeletal warrior
 21505 | D:8      | Found a glowing silver altar of Zin.
 21814 | D:9      | Reached skill level 8 in Stealth
 22481 | D:9      | Reached ** piety under Yredelemnul
 22522 | D:8      | HP: 1/45 [killer bee (9)]
 22523 | D:8      | Lost strength.
 22523 | D:8      | Succumbed to a killer bee's poison
 22524 | D:8      | Reached XP level 9. HP: 0/41 MP: 1/17
 22843 | D:9      | Found a shimmering altar of Xom.
 22977 | D:9      | Reached skill level 9 in Stealth
 23209 | D:9      | Noticed a troll
 23250 | D:9      | Killed a troll
 23995 | D:9      | Noticed a troll
 24029 | D:9      | Killed a troll
 24029 | D:9      | Reached skill level 10 in Stealth
 24587 | D:9      | Reached XP level 10. HP: 35/45 MP: 9/18
 25876 | D:9      | Learned a level 6 spell: Simulacrum
 25890 | D:9      | Learned a level 5 spell: Borgnjor's Vile Clutch
 26139 | D:10     | Entered Level 10 of the Dungeon
 26975 | D:10     | Noticed a lindwurm
 27008 | D:10     | Reached skill level 5 in Evocations
 27209 | D:10     | Found Diacvosm's Weapon Shop.
 27242 | D:10     | Noticed a lindwurm
 27242 | D:10     | Noticed a lindwurm
 27257 | D:10     | Noticed a lindwurm
 27555 | D:10     | Reached *** piety under Yredelemnul
 27818 | D:10     | Killed a lindwurm
 27818 | D:10     | Reached skill level 5 in Unarmed Combat
 27969 | D:10     | Killed a lindwurm
 28159 | D:11     | Noticed a manticore
 28165 | D:11     | Slain by an orc warrior

Levels and vault maps discovered:
D:1:      lemuel_arrival_broad_hall, layout_rooms
D:2:      layout_rooms, lemuel_round_altar, nicolae_dithmenos_shadow_blocks,
          uniq_terence
D:3:      layout_loops_ring, amethyst_overflow_temple_binary
D:4:      layout_basic, lemuel_doored_altar, ashenzari_altar_1, sigmund_army
D:5:      minmay_diamond_boxcup, layout_basic, first_ration,
          minmay_tree_intersection, uniq_eustachio
D:6:      layout_loops_corners, slow_altar_2, minmay_temple_entry_mist,
          uniq_pikel
D:7:      layout_basic, ebering_ghost_gozag, serial_shops, shop_statue,
          minmay_ruined_shrine
D:8:      layout_gridville, lemuel_crystal_altar, marbit_many_paths,
          minmay_pinched_square, uniq_maurice
D:9:      layout_basic, tgw_xom, hangedman_fish_farm
D:10:     layout_loops_ring, serial_shops, nicolae_shop_crystal,
          minmay_lindwurm_lava
D:11:     layout_basic, erik_lair_orcish_takeover, erik_orc_3, billiards_dpeg
Temple:   minmay_temple_bridge_abc

Skill      XL: |  1  2  3  4  5  6  7  8  9 10 |
---------------+-------------------------------+-----
Conjurations   | 2 3 6 7 |  7.1
Fighting       | 1 2 3 5 6 |  6.7
Stealth        | 4 5 10 8 | 10.2
Dodging        | 3 4 8 9 |  9.0
Translocations | 2 3 4 |  4.3
Summonings     | 2 |  2.0
Air Magic      | 2 3 |  3.1
Poison Magic   | 2 3 |  3.1
Fire Magic     | 1 2 |  2.1
Spellcasting   | 5 |  5.0
Invocations    | 5 |  5.5
Evocations     | 2 5 |  5.1
Unarmed Combat | 5 |  5.4

Action                   |  1- 3 |  4- 6 |  7- 9 | 10-12 || total
-------------------------+-------+-------+-------+-------++-------
Melee: Unarmed           |     8 |    95 |    91 |    43 ||   237
       Bite              |     2 |     2 |     4 |     5 ||    13
       Punch             |       |       |     1 |       ||     1
 Cast: Magic Dart        |    75 |   307 |   689 |   574 ||  1645
       Conjure Flame     |     1 |    15 |    40 |    26 ||    82
       Mephitic Cloud    |       |     1 |     9 |     3 ||    13
       Blink             |       |       |     5 |     2 ||     7
       Call Imp          |       |       |     1 |       ||     1
Evoke: Wand              |       |       |    10 |     2 ||    12
  Use: Potion            |     2 |     4 |     1 |     2 ||     9
       Scroll            |       |     9 |     5 |     5 ||    19
 Stab: Sleeping          |       |     1 |       |       ||     1
       Confused          |       |     2 |       |       ||     2
       Paralysed         |       |       |     4 |       ||     4
  Eat: Chunk             |     9 |    12 |    39 |    14 ||    74
Armor: Skin              |     7 |    10 |    16 |     6 ||    39
Dodge: Dodged            |     9 |   166 |   280 |   230 ||   685
